 Dungeon Sprint DCSS version 0.30-a0-297-g0ec75d9ef4 (webtiles) character file.

Game seed: 9117811066593729783

264 ChrisCrawling the Covert (level 5, -1/42 HPs)
             Began as a Demonspawn Brigand on Oct 18, 2022.
             Slain by a slime creature (19 damage)
             ... in the Dungeon (Sprint I: "Red Sonja").
             The game lasted 00:01:12 (110 turns).

ChrisCrawling the Covert (Demonspawn Brigand)        Turns: 110, Time: 00:01:12

Health: -1/42      AC:  5    Str: 13    XL:     5   Next: 98%
Magic:  5/5        EV: 12    Int: 12    God:
Gold:   108        SH:  0    Dex: 15    Spells: 4/4 levels left

rFire   . . .      SeeInvis .    a - +2 dagger
rCold   . . .      Faith    .    (no shield)
rNeg    . . .      Spirit   .    b - +0 robe
rPois   .          Reflect  .    (no helmet)
rElec   .          Harm     .    c - +0 cloak
rCorr   .          Rampage  .    (no gloves)
Will    .....      NoTele   +    (no boots)
Stlth   +++++.....               (no amulet)
HPRegen 0.27/turn                (no ring)
MPRegen 0.09/turn                (no ring)

@: no status effects
A: claws 1, slimy green scales 1, spiny 1
a: no special abilities


You were in the Dungeon.
You visited 1 branch You collected 108 gold pieces.

Inventory:

Hand Weapons
 a - a +2 dagger (weapon)
Missiles
 d - 9 poisoned darts (quivered)
 e - 3 curare-tipped darts
Armour
 b - a +0 robe (worn)
 c - a +0 cloak (worn)
Wands
 g - a wand of flame (4)
Scrolls
 k - a scroll of blinking
Potions
 f - a potion of curing
 h - a potion of haste
 i - 2 potions of magic
 j - a potion of flight {unknown}


   Skills:
 + Level 4.1 Fighting
 + Level 4.4 Short Blades
 + Level 3.6 Throwing
 + Level 1.9 Dodging
 + Level 10.8 Stealth


You had 4 spell levels left.
You didn't know any spells.
Your spell library was empty.

Dungeon Overview and Level Annotations

Branches:
Dungeon (1/1)

Altars:
Makhleb
Xom
Jiyva
Lugonu


Innate Abilities, Weirdness & Mutations

You have sharp fingernails.
You are partially covered in slimy green scales. (AC +2)
You are partially covered in sharp spines.


Message History

Found 108 gold pieces.
There is an open door here.
You now have 27 gold pieces.
You now have 54 gold pieces (gained 27).
You now have 81 gold pieces (gained 27).
You now have 108 gold pieces (gained 27).
You open the door.
A slime creature comes into view.
Found four altars.
The slime creature quivers.
There is an open door here.
You hit the slime creature.
The slime creature is lightly wounded.
The slime creature is struck by your spines.
The slime creature hits you but does no damage.
You hit the slime creature but do no damage.
The slime creature is lightly wounded.
The slime creature is struck by your spines.
The slime creature hits you.
You hit the slime creature.
The slime creature is moderately wounded.
The slime creature is struck by your spines.
The slime creature barely misses you.
You hit the slime creature but do no damage.
The slime creature is moderately wounded.
You hit the slime creature. You claw the slime creature.
The slime creature is heavily wounded.
The slime creature is struck by your spines.
The slime creature hits you but does no damage.
You hit the slime creature.
The slime creature is heavily wounded.
The slime creature is struck by your spines.
The slime creature hits you!
You hit the slime creature.
The slime creature is heavily wounded.
The slime creature hits you!
You hit the slime creature.
The slime creature is severely wounded.
The slime creature hits you!!
You die...

###################
#<.#.)'..#.)'..#__#
#..'..#.)'..#.@J..+
#..#####+#####+#__#
#..# ### #..# #..#
#⌠⌠# ####


You could see a slime creature.

Vanquished Creatures
  Sigmund (D)
  An ogre (D)
  Ijyb (D)
3 creatures vanquished.

Notes
Turn   | Place    | Note
-------+----------+-------------------------------------------
     0 | D        | ChrisCrawling the Demonspawn Brigand began the quest for
                  | the Orb.
     0 | D        | Reached XP level 1. HP: 16/16 MP: 1/1
     2 | D        | Noticed Ijyb
    22 | D        | Killed Ijyb
    23 | D        | Reached skill level 1 in Dodging
    23 | D        | Reached skill level 6 in Stealth
    23 | D        | Gained mutation: You are partially covered in sharp spines.
                  | [demonic ancestry]
    23 | D        | Reached XP level 2. HP: 13/23 MP: 2/2
    77 | D        | Noticed an ogre
    80 | D        | Killed an ogre
    81 | D        | Reached skill level 8 in Stealth
    81 | D        | Gained mutation: You are partially covered in slimy green
                  | scales. (AC +2) [demonic ancestry]
    81 | D        | Reached XP level 3. HP: 29/29 MP: 3/3
    81 | D        | Gained mutation: You have sharp fingernails. [demonic
                  | ancestry]
    81 | D        | Reached XP level 4. HP: 35/35 MP: 4/4
    83 | D        | Noticed Sigmund
    86 | D        | Killed Sigmund
    87 | D        | Reached skill level 10 in Stealth
    87 | D        | Reached XP level 5. HP: 42/42 MP: 5/5
   100 | D        | Found a burning altar of Makhleb.
   100 | D        | Found a viscous altar of Jiyva.
   100 | D        | Found a shimmering altar of Xom.
   100 | D        | Found a corrupted altar of Lugonu.
   100 | D        | Noticed a slime creature
   110 | D        | Slain by a slime creature

Illustrated notes

Levels and vault maps discovered:
D:        dungeon_sprint_1 [red_sonja_temple_1, red_sonja_temple_small_1]

Skill      XL: |  1  2  3  4 |
---------------+-------------+-----
Short Blades   | 2 3 4 |  4.4
Throwing       | 2 3 |  3.6
Dodging        | 1 |  1.9
Stealth        | 6 8 10 | 10.8
Fighting       | 3 4 |  4.1

Action                   |  1- 3 |  4- 6 || total
-------------------------+-------+-------++-------
Melee: Dagger            |    17 |     9 ||    26
       Punch             |       |     1 ||     1
  Use: Potion            |     2 |       ||     2
 Stab: Sleeping          |     1 |     1 ||     2
Armor: Robe              |     3 |     2 ||     5
Dodge: Dodged            |     5 |     1 ||     6

Table legend: (Time is in decaauts)
 A = Elapsed time spent in this place.
 B = Non-inter-level travel time spent in this place.
 C = Inter-level travel time spent in this place.
 D = Time resting spent in this place.
 E = Time spent auto-exploring this place.
 F = Levels seen in this place.
 G = Mean time per level.
                   A        B        C        D        E       F      G
               +--------+--------+--------+--------+--------+-----+--------+
         Total |    120 |    120 |      0 |     62 |      0 |   1 |  120.0 |
       Dungeon |    120 |    120 |      0 |     62 |      0 |   1 |  120.0 |
               +--------+--------+--------+--------+--------+-----+--------+

Top non-repeatable levels by time:
       D: 120 daAuts
